 Dungeon Crawl Stone Soup version 0.21.1-1-g345015fe64 (webtiles) character file.

63 Lothor the Chopper (level 4, -8/39 HPs)
             Began as a Hill Orc Fighter on Mar 20, 2018.
             Mangled by Sigmund
             ... wielding a +0 scythe of venom
              (11 damage)
             ... on level 2 of the Dungeon.
             The game lasted 00:05:16 (1481 turns).

Lothor the Chopper (Hill Orc Fighter)               Turns: 1481, Time: 00:05:16

Health: -8/39      AC:  8    Str: 19    XL:     4   Next: 10%
Magic:  4/4        EV:  7    Int:  8    God:
Gold:   112        SH:  9    Dex: 10    Spells: 3/3 levels left

rFire    . . .     SeeInvis .   a - +0 war axe
rCold    . . .     Gourm    .   c - +0 shield
rNeg     . . .     Faith    .   b - +0 scale mail
rPois    .         Spirit   .   m - +0 helmet
rElec    .         Reflect  .   (no cloak)
rCorr    .         Harm     .   (no gloves)
MR       .....                  (no boots)
Stlth    ..........             (no amulet)
HPRegen  0.13/turn              (no ring)
MPRegen  0.09/turn              (no ring)

@: lethally poisoned (-8 -> -24)
A: no striking features
a: no special abilities


You were on level 2 of the Dungeon.
You were not hungry.

You visited 1 branch of the dungeon, and saw 2 of its levels.

You collected 112 gold pieces.

Inventory:

Hand Weapons
 a - a +0 war axe (weapon)
Missiles
 e - 186 stones (quivered)
Armour
 b - a +0 scale mail (worn)
 c - a +0 shield (worn)
 m - a +0 helmet (worn)
Jewellery
 o - an uncursed ring of poison resistance {unknown}
Scrolls
 g - 5 scrolls of remove curse {unknown}
 h - a scroll of enchant armour {unknown}
 p - a scroll of teleportation {unknown}
Potions
 d - a potion of might
 i - a potion of curing {unknown}
 j - a potion of cancellation {unknown}
 k - 2 potions of invisibility {unknown}
 l - 2 potions of agility {unknown}
 q - a potion of berserk rage {unknown}
Comestibles
 f - 2 rations
 n - 2 chunks of flesh


   Skills:
 - Level 3.6 Fighting
 + Level 5.7 Axes
 - Level 3.2 Armour
 - Level 3.2 Shields


You had 3 spell levels left.
You didn't know any spells.

Dungeon Overview and Level Annotations

Branches:
Dungeon (2/15)

Altars:

Annotations:
D:2 Sigmund


Message History

You closely miss something.
You feel sick.
You hear some strange, mumbled words.
Something tries to affect you, but you resist.
Something hits you.
You are more poisoned.
You completely miss something.
You feel sick. Something hits you but does no damage.
You closely miss something.
You feel sick. Something hits you but does no damage.
You closely miss something.
You feel sick.
You miss something.
You feel sick. Something hits you.
You are lethally poisoned!
Your shield and scale mail prevent you from hitting something.
* * * LOW HITPOINT WARNING * * *
You feel sick. Something hits you.
* * * LOW HITPOINT WARNING * * *
You barely miss something.
* * * LOW HITPOINT WARNING * * *
You feel sick. Something hits you!
You die...

##.#.# #...g
#######...# #...g
#.....##).# ###....
#.....##..# .......
#.....##).# %......
#.....##..# ...{...
#.....'..>#
$......#####.....##..#
..........r{@........#
####+#.#######.#.##..#
#. #.#.....# #.
#.#####.# ## #.......#
#########


You could see a rat.

Vanquished Creatures
  3 adders (D:2)
  An ooze (D:1)
  A dart slug (D:2)
  A leopard gecko (D:1)
  2 giant cockroaches
  3 goblins
  3 hobgoblins
  3 jackals (D:1)
  4 kobolds
  2 bats (D:1)
  A frilled lizard (D:2)
  7 rats
31 creatures vanquished.

Notes
Turn   | Place    | Note
-------+----------+-------------------------------------------
     0 | D:1      | Lothor the Hill Orc Fighter began the quest for the Orb.
     0 | D:1      | Reached XP level 1. HP: 19/19 MP: 1/1
    31 | D:1      | Reached skill level 3 in Axes
   175 | D:1      | Reached XP level 2. HP: 26/26 MP: 2/2
   403 | D:1      | Reached skill level 4 in Axes
   827 | D:1      | Reached XP level 3. HP: 31/31 MP: 3/3
  1156 | D:2      | Reached skill level 5 in Axes
  1458 | D:2      | Noticed Sigmund
  1469 | D:2      | Reached XP level 4. HP: 23/39 MP: 4/4
  1481 | D:2      | Mangled by Sigmund

Skill      XL: |  1  2  3 |
---------------+----------+-----
Axes           | 3 4 5 |  5.7
Fighting       | |  3.6
Armour         | |  3.2
Shields        | |  3.2

Action                   |  1- 3 |  4- 6 || total
-------------------------+-------+-------++-------
Melee: War axe           |   107 |    10 ||   117
  Eat: Ration            |     1 |       ||     1
Armor: Scale mail        |    62 |     2 ||    64
Dodge: Dodged            |    32 |       ||    32
Block: Shield            |    57 |     2 ||    59
